 Dungeon Crawl Stone Soup version 0.25.1-8-g42b30a86e7 (webtiles) character file.

Game seed: 7122611658309629973

1645 Destapler the Chopper (level 8, -5/71 HPs)
             Began as a Hill Orc Fighter on Dec 20, 2020.
             Was an Initiate of Beogh.
             Killed from afar by Harold (11 damage)
             ... with a bolt of acid
             ... on level 7 of the Dungeon.
             The game lasted 00:15:14 (5942 turns).

Destapler the Chopper (Hill Orc Fighter)            Turns: 5942, Time: 00:15:14

Health: -5/71      AC: 10    Str: 21    XL:     8   Next: 99%
Magic:  10/10      EV:  8    Int:  8    God:    Beogh [......]
Gold:   20         SH: 10    Dex: 10    Spells: 7/7 levels left

rFire    . . .     SeeInvis +   a - +3 war axe (drain)
rCold    . . .     Gourm    .   c - +0 kite shield
rNeg     . . .     Faith    .   C - +3 ring mail {rPois}
rPois    +         Spirit   .   v - +0 helmet
rElec    .         Reflect  .   (no cloak)
rCorr    .         Harm     .   (no gloves)
MR       .....                  (no boots)
Stlth    ..........             (no amulet)
HPRegen  0.21/turn              w - +4 ring of protection
MPRegen  0.12/turn              u - ring of see invisible

@: corroded
A: no striking features
a: Renounce Religion


You were on level 7 of the Dungeon.
You worshipped Beogh.
Beogh was noncommittal.
You were not hungry.

You visited 1 branch of the dungeon, and saw 6 of its levels.
You also visited: Sewer.

You collected 230 gold pieces.
You spent 210 gold pieces at shops.

Inventory:

Hand Weapons
 a - a +3 war axe of draining (weapon)
 e - a +0 flail of protection
Missiles
 m - 8 poisoned darts (quivered)
Armour
 b - a +0 scale mail
 c - a +0 kite shield (worn)
 v - a +0 helmet (worn)
 x - a +2 leather armour of fire resistance
 C - a +3 ring mail of poison resistance (worn)
Magical Staves
 d - an uncursed staff of wizardry
Jewellery
 u - a ring of see invisible (right hand)
 w - a +4 ring of protection (left hand)
Wands
 g - a wand of random effects (11)
Scrolls
 i - 6 scrolls of identify
 j - 2 scrolls of fog
 l - 3 scrolls of teleportation
 y - a scroll of magic mapping {unknown}
 B - a scroll of immolation
 D - a scroll of enchant weapon {unknown}
 E - 5 scrolls of remove curse
 F - a scroll of amnesia {unknown}
Potions
 h - 2 potions of resistance
 k - 2 potions of brilliance {unknown}
 n - 3 potions of curing
 o - 2 potions of flight {unknown}
 p - 2 potions of berserk rage
 q - a potion of heal wounds {unknown}
 r - a potion of ambrosia {unknown}
 s - a potion of mutation {unknown}
 t - a potion of magic {unknown}
 z - a potion of lignification {unknown}
 A - a potion of stabbing
Comestibles
 f - 10 rations


   Skills:
 + Level 6.7 Fighting
 + Level 6.8 Axes
 + Level 3.4 Throwing
 - Level 6.0 Armour
 + Level 6.1 Shields
 + Level 3.8 Evocations


You had 7 spell levels left.
You didn't know any spells.
Your spell library contained the following spells:

 Spells                   Type           Power        Failure   Level  Hunger
 Summon Small Mammal      Summ           #...         91%         1    ##.....
 Call Imp                 Summ           #.......     97%         2    ###....
 Call Canine Familiar     Summ           #.......     100%        3    ####...
 Summon Guardian Golem    Hex/Summ       #.......     100%        3    ####...
 Summon Ice Beast         Ice/Summ       #.......     100%        4    #####..
 Summon Lightning Spire   Summ/Air       #.......     100%        4    #####..


Dungeon Overview and Level Annotations

Branches:
Dungeon (5/15)              Sewer (visited)
 Temple: D:4-7

Altars:

Shops:
D:4 *

Annotations:
D:7 Harold


Message History

You become entangled in the net!
You see here a throwing net.
You struggle against the net.
You struggle against the net.
You struggle against the net.
An orc wizard comes into view. It is wielding a +0 dagger.
You struggle against the net.
The orc wizard shouts!
You hear a shout!
Harold hits you from afar with a +4 trident of protection!!
You struggle against the net.
Harold zaps a wand.
The bolt of acid hits you! The acid corrodes you!
You are splashed with acid!
* * * LOW HITPOINT WARNING * * *
You struggle against the net.
Harold zaps a wand.
The bolt of acid hits you!
* * * LOW HITPOINT WARNING * * *
You are splashed with acid!
* * * LOW HITPOINT WARNING * * *
You rip the net and break free!
The orc wizard mumbles some strange words.
The orc wizard blinks!
Harold zaps a wand.
The bolt of acid hits you!
You die...

#.....#
#.....#
#.....#
#.....#
#.....#
#.....#
#.....#
#.....#
#....@#
#.....#
#....@#
#o....#
#...ยง.#
#.....#
#.....#
#.....#


You could see Harold and an orc wizard.

Vanquished Creatures
  Edmund (D:5)
  A sky beast (D:5)
  An ogre (D:4)
  2 centaurs (D:5)
  6 big kobolds (Sewer)
  3 scorpions
  A howler monkey (D:5)
  3 crimson imps
  A bullfrog skeleton (D:5)
  3 orc wizards
  Terence (D:2)
  2 iguanas (D:5)
  A worker ant (D:5)
  8 gnolls
  A river rat (D:5)
  8 adders
  3 shadow imps
  2 oozes
  An adder skeleton (D:4)
  3 worms
  2 dart slugs
  3 leopard geckos
  8 orcs
  2 giant cockroaches
  3 goblins
  5 hobgoblins
  14 kobolds
  5 quokkas
  4 ball pythons
  8 bats
  6 frilled lizards
  14 rats
126 creatures vanquished.

Vanquished Creatures (others)
  An orc priest (D:5)
1 creature vanquished.

Grand Total: 127 creatures vanquished

Notes
Turn   | Place    | Note
-------+----------+-------------------------------------------
     0 | D:1      | Destapler the Hill Orc Fighter began the quest for the Orb.
     0 | D:1      | Reached XP level 1. HP: 19/19 MP: 1/1
    14 | D:2      | Noticed Terence
   207 | D:1      | Reached XP level 2. HP: 26/27 MP: 2/2
   843 | D:2      | Reached XP level 3. HP: 33/33 MP: 3/3
   849 | D:2      | Killed Terence
   856 | D:2      | Reached XP level 4. HP: 32/40 MP: 4/4
  1593 | D:3      | Reached XP level 5. HP: 43/47 MP: 5/5
  2116 | D:3      | Reached XP level 6. HP: 55/55 MP: 6/6
  2776 | D:4      | Reached skill level 5 in Fighting
  2776 | D:4      | Reached skill level 1 in Evocations
  2777 | D:4      | Reached skill level 1 in Throwing
  2951 | D:4      | Found Rigevv Vico's Assorted Antiques.
  3150 | D:5      | Entered Level 5 of the Dungeon
  3502 | D:5      | Found a glowing drain.
  3568 | D:5      | HP: 2/56 [poisoned by an adder]
  3630 | Sewer    | Entered a sewer
  3970 | Sewer    | Reached skill level 5 in Axes
  3970 | Sewer    | Reached XP level 7. HP: 60/61 MP: 8/8
  4046 | Sewer    | Reached skill level 5 in Armour
  4047 | Sewer    | Reached skill level 5 in Shields
  4338 | Sewer    | Reached XP level 8. HP: 60/70 MP: 9/9
  4430 | D:5      | Became a worshipper of Beogh the Brigand
  5263 | D:5      | Noticed Edmund
  5283 | D:5      | Killed Edmund
  5484 | D:4      | Bought a scroll labeled ICORIQ HED for 28 gold pieces
  5484 | D:4      | Bought a glowing war axe for 182 gold pieces
  5933 | D:5      | You fall into a shaft and drop 2 floors!
  5934 | D:7      | Noticed Harold
  5942 | D:7      | Killed from afar by Harold

Illustrated notes

Levels and vault maps discovered:
D:1:      psy_arrival_spokes, layout_basic, moated_statue
D:2:      layout_rooms, uniq_terence
D:3:      layout_basic
D:4:      layout_cave_pools, serial_shops, shop
D:5:      layout_basic, gup_sewer_entry_bubbles, first_ration,
          chequers_arboretum, uniq_edmund
D:7:      layout_gridville, minmay_temple_entry_glass, uniq_harold

Skill      XL: |  1  2  3  4  5  6  7  8 |
---------------+-------------------------+-----
Axes           | 3 4 5 6 |  6.8
Fighting       | 4 5 6 |  6.7
Armour         | 4 5 6 |  6.0
Shields        | 4 5 6 |  6.1
Evocations     | 1 2 3 |  3.8
Throwing       | 1 2 3 |  3.4

Action                   |  1- 3 |  4- 6 |  7- 9 || total
-------------------------+-------+-------+-------++-------
Melee: War axe           |    73 |   257 |   213 ||   543
Throw: Dart              |       |       |     4 ||     4
       Throwing net      |       |       |     1 ||     1
Invok: Convert to Beogh  |       |       |     1 ||     1
  Use: Scroll            |       |     7 |       ||     7
       Potion            |       |     4 |     1 ||     5
  Eat: Chunk             |       |    10 |     7 ||    17
Armor: Scale mail        |    56 |    32 |       ||    88
       Leather armour    |       |    71 |    79 ||   150
       Ring mail         |       |       |    16 ||    16
Dodge: Dodged            |    37 |    87 |    82 ||   206
Block: Kite shield       |    63 |   124 |   117 ||   304
